 Dungeon Crawl Stone Soup version 0.30-a0-469-g84de5afbc5 (webtiles) character file.

Game seed: 4562006512310082985

1024 zero the Thaumaturge (level 8, -14/44 HPs)
             Began as a Deep Elf Conjurer on Dec 19, 2022.
             Was an Initiate of Cheibriados.
             Killed from afar by an acid dragon (18 damage)
             ... with a splash of acid
             ... on level 6 of the Dungeon.
             The game lasted 00:11:04 (5329 turns).

zero the Thaumaturge (Deep Elf Conjurer)            Turns: 5329, Time: 00:11:05

Health: -14/44     AC:  5    Str:  5    XL:     8   Next: 2%
Magic:  13/22      EV: 13    Int: 27    God:    Cheibriados [......]
Gold:   229        SH:  0    Dex: 14    Spells: 4/23 levels left

rFire   . . .      SeeInvis .    y - +2 dagger (venom)
rCold   . . .      Faith    .    (no shield)
rNeg    . . .      Spirit   .    a - +0 robe
rPois   .          Reflect  .    n - +0 helmet
rElec   .          Harm     .    l - +0 cloak
rCorr   .          Rampage  .    (no gloves)
Will    .....                    d - +0 pair of boots
Stlth   +++.......               (no amulet)
HPRegen 0.27/turn                (no ring)
MPRegen 0.18/turn                (no ring)

@: very slightly contaminated, very slow
A: no striking features
a: Renounce Religion


You were on level 6 of the Dungeon.
You worshipped Cheibriados.
Cheibriados was noncommittal.
You visited 2 branches of the dungeon, and saw 7 of its levels.

You collected 229 gold pieces.

Inventory:

Hand Weapons
 x - a +1 dagger of speed
 y - a +2 dagger of venom (weapon)
Missiles
 i - 5 poisoned darts
Armour
 a - a +0 robe (worn)
 d - a +0 pair of boots (worn)
 l - a +0 cloak (worn)
 n - a +0 helmet (worn)
Magical Staves
 f - a staff of poison
Wands
 t - a wand of mindburst (9)
 D - a wand of light (11)
Scrolls
 b - 3 scrolls of blinking {unknown}
 c - 2 scrolls of enchant weapon {unknown}
 e - 2 scrolls of fog {unknown}
 h - a scroll of noise {unknown}
 j - 3 scrolls of teleportation {unknown}
 o - a scroll of poison {unknown}
 p - 4 scrolls of identify {unknown}
 s - a scroll of vulnerability {unknown}
 A - a scroll of magic mapping {unknown}
 C - 3 scrolls of immolation {unknown}
Potions
 g - a potion of cancellation {unknown}
 k - a potion of attraction {unknown}
 m - 4 potions of curing
 q - 4 potions of heal wounds {unknown}
 r - a potion of degeneration {unknown}
 u - 2 potions of ambrosia {unknown}
 v - 2 potions of flight {unknown}
 w - 2 potions of haste {unknown}
 z - a potion of might {unknown}
 B - 3 potions of mutation {unknown}


   Skills:
 + Level 1.9 Fighting
 + Level 3.9 Dodging
 - Level 4.0 Stealth
 + Level 8.4 Spellcasting
 + Level 5.7 Conjurations
 + Level 2.2 Hexes
 + Level 0.0 Translocations
 * Level 2.4 Air Magic
 + Level 1.3 Invocations
 - Level 2.0 Evocations


You had 4 spell levels left.
You knew the following spells:

 Your Spells              Type           Power      Damage    Failure   Level
a - Magic Dart            Conj           100%       1d8       1%          1
b - Searing Ray           Conj           84%        2d7       1%          2
c - Iskenderun's Mystic   Conj/Tloc      26%        2d7       16%         4
d - Dazzling Flash        Conj/Hex       64%        N/A       3%          3
e - Fulminant Prism       Conj/Hex       16%        3d10      10%         4
f - Arcjolt               Conj/Air       16%        1d26      26%         5

Your spell library contained the following spells:

 Spells                   Type           Power      Damage    Failure   Level
 Vhi's Electric Charge    Tloc/Air       34%        N/A       10%         3
 Maxwell's Capacitive Co  Air            12%        ∞         100%        8


Dungeon Overview and Level Annotations

Branches:
Dungeon (6/15)             Temple (1/1) D:5

Altars:
Ashenzari
Cheibriados
Dithmenos
Elyvilon
Fedhas
Gozag
Hepliaklqana
Kikubaaqudgha
Makhleb
Nemelex Xobeh
Okawaru
Qazlal
Ru
Sif Muna
Trog
Uskayaw
Vehumet
Wu Jian
Xom
Yredelemnul
Zin
The Shining One

Shops:
D:5 =!:

Annotations:
D:3 3 runed translucent doors, spirosbanana's ghost, amateur MiBe


Message History

Confirm with . or Enter, or press ? or * to list all spells.
Okay, then.
No target in view!
HP restored.
You see here a +0 shortbow.
Found a stone.
No target in view!
An acid dragon comes into view.
Found a leather armour.
An acid dragon is nearby!
The magic dart hits the acid dragon but does no damage.
The acid dragon roars!
The acid dragon spits acid at you. The splash of acid hits you!!
Ouch! That really hurt!
You hear an angry hiss.
Casting: Magic Dart (safe; 1% risk of failure)
Confirm with . or Enter, or press ? or * to list all spells.
Aiming: Searing Ray (safe; 1% risk of failure)
Press: ? - help, Shift-Dir - straight line, f/p - acid dragon
Aim: an acid dragon (catching its breath, 82% to hit)
The searing ray hits the acid dragon.
The acid dragon is lightly wounded. (Press . to maintain the ray.)
An iguana comes into view.
The searing ray hits the acid dragon.
The acid dragon is moderately wounded.
The searing ray hits the acid dragon.
The acid dragon is heavily wounded.
The acid dragon spits acid at you. The splash of acid hits you!
Casting: Searing Ray (safe; 1% risk of failure)
Confirm with . or Enter, or press ? or * to list all spells.
You miscast Iskenderun's Mystic Blast.
You are very lightly contaminated with residual magic.
Nothing appears to happen.
The iguana bites you!
* * * LOW HITPOINT WARNING * * *
The acid dragon spits acid at you. The splash of acid hits you!!
You die...

### ##..
##...##
###...(.##
#.[....l.#
#..D.@.#
##...#.#
##.##.# #.
#.#### .
#....######.#
##
####........#
#..#######
#..# #..#


You could see an acid dragon (catching breath) and an iguana.

Vanquished Creatures
  A black bear (D:4)
  3 ogres
  A phantom (D:5)
  A centaur (D:6)
  A scorpion (D:5)
  A jelly (D:5)
  3 hounds
  5 orc wizards
  Robin (D:1)
  4 gnolls
  6 adders
  A shadow imp (D:5)
  A white imp (D:6)
  A worm (D:3)
  A dart slug (D:1)
  11 orcs
  6 bats
  9 endoplasms
  5 giant cockroaches
  13 goblins
  8 hobgoblins
  2 jackals (D:3)
  7 kobolds
  4 quokkas
  7 ball pythons
  3 frilled lizards
  6 rats
112 creatures vanquished.

Notes
Turn   | Place    | Note
-------+----------+-------------------------------------------
     0 | D:1      | zero the Deep Elf Conjurer began the quest for the Orb.
     0 | D:1      | Reached XP level 1. HP: 10/10 MP: 6/6
   221 | D:1      | Reached XP level 2. HP: 15/15 MP: 4/8
   224 | D:1      | Learned a level 2 spell: Searing Ray
   483 | D:1      | Reached skill level 4 in Spellcasting
   715 | D:1      | Reached skill level 5 in Conjurations
   715 | D:1      | Reached XP level 3. HP: 19/19 MP: 8/10
   980 | D:2      | Found a shimmering altar of Xom.
  1135 | D:2      | Reached skill level 5 in Spellcasting
  1380 | D:2      | Noticed Robin
  1383 | D:2      | Reached XP level 4. HP: 21/24 MP: 5/13
  1425 | D:1      | Killed Robin
  1803 | D:3      | Noticed spirosbanana's ghost (amateur MiBe)
  1805 | D:3      | Found a runed translucent gate.
  1806 | D:3      | Found a runed translucent gate.
  1806 | D:3      | Found a runed translucent gate.
  1935 | D:3      | Reached skill level 6 in Spellcasting
  1959 | D:3      | Reached XP level 5. HP: 17/28 MP: 11/16
  2139 | D:3      | Noticed an ogre
  2144 | D:3      | Killed an ogre
  2145 | D:3      | Reached skill level 7 in Spellcasting
  2649 | D:3      | Found a shimmering blue altar of Sif Muna.
  2688 | D:3      | Found an opulent altar of Gozag.
  2999 | D:4      | Noticed an ogre
  3007 | D:4      | Killed an ogre
  3008 | D:4      | Reached skill level 8 in Spellcasting
  3008 | D:4      | Reached XP level 6. HP: 18/33 MP: 11/19
  3013 | D:4      | Learned a level 4 spell: Iskenderun's Mystic Blast
  3017 | D:4      | Learned a level 3 spell: Dazzling Flash
  3022 | D:4      | Learned a level 4 spell: Fulminant Prism
  3732 | D:4      | Reached skill level 1 in Evocations
  3823 | D:4      | Reached skill level 1 in Fighting
  4075 | D:5      | Entered Level 5 of the Dungeon
  4088 | D:4      | Learned a level 5 spell: Arcjolt
  4240 | D:5      | Reached XP level 7. HP: 32/38 MP: 12/20
  4427 | D:5      | Reached skill level 1 in Hexes
  4427 | D:5      | Reached skill level 1 in Air Magic
  4475 | D:5      | Found a staircase to the Ecumenical Temple.
  4484 | Temple   | Entered the Ecumenical Temple
  4534 | Temple   | Became a worshipper of Cheibriados the Contemplative
  4608 | D:5      | Found Giurirr's Book Emporium.
  4787 | D:5      | Found Napt's Distillery.
  4807 | D:5      | Reached skill level 1 in Invocations
  4876 | D:5      | Found Ugyatofij's Jewellery Shop.
  5055 | D:5      | Found an ancient bone altar of Kikubaaqudgha.
  5254 | D:6      | Reached XP level 8. HP: 29/44 MP: 16/22
  5329 | D:6      | Killed from afar by an acid dragon

Illustrated notes

Levels and vault maps discovered:
D:1:      minmay_arrival_pointy, layout_rooms
D:2:      layout_rooms, basic_altar, uniq_robin
D:3:      layout_loops_ring, mainiacjoe_overflow_swirl, gammafunk_ghost_split
D:4:      layout_basic, portal_sewer_entry_d
D:5:      layout_rooms, nicolae_overflow_crystal_walls,
          minmay_temple_entry_mist, serial_shops, nicolae_shop_trees,
          nicolae_diamond_shop, nicolae_stop_n_shop_1, hangedman_minor_gate_pass
D:6:      layout_loops_ring, nrook_loot_triangle, chequers_serial_rivers_large_b
Temple:   hellmonk_temple_of_storms

Skill      XL: |  1  2  3  4  5  6  7 |
---------------+----------------------+-----
Spellcasting   | 4 5 6 8 |  8.4
Conjurations   | 5 |  5.7
Stealth        | 3 4 |  4.0
Evocations     | 1 2 |  2.0
Fighting       | 1 |  1.9
Dodging        | 3 |  3.9
Hexes          | 2 |  2.2
Air Magic      | 2 |  2.4
Invocations    | 1 |  1.3

Action                   |  1- 3 |  4- 6 |  7- 9 || total
-------------------------+-------+-------+-------++-------
Melee: Short sword       |     1 |     5 |       ||     6
       Punch             |       |     1 |       ||     1
       Dagger            |       |    11 |     2 ||    13
 Cast: Magic Dart        |    76 |    73 |    36 ||   185
       Searing Ray       |     2 |    15 |    12 ||    29
  Use: Potion            |       |     2 |       ||     2
Armor: Robe              |     5 |    28 |     3 ||    36
Dodge: Dodged            |    16 |    59 |     7 ||    82

Table legend: (Time is in decaauts)
 A = Elapsed time spent in this place.
 B = Non-inter-level travel time spent in this place.
 C = Inter-level travel time spent in this place.
 D = Time resting spent in this place.
 E = Time spent auto-exploring this place.
 F = Levels seen in this place.
 G = Mean time per level.
                   A        B        C        D        E       F      G
               +--------+--------+--------+--------+--------+-----+--------+
         Total |   5448 |   5323 |    125 |   1401 |   3176 |   7 |  778.3 |
       Dungeon |   5372 |   5288 |     84 |   1401 |   3158 |   6 |  895.3 |
        Temple |     76 |     35 |     41 |      0 |     18 |   1 |   76.0 |
               +--------+--------+--------+--------+--------+-----+--------+

Top non-repeatable levels by time:
     D:4: 1292 daAuts
     D:3: 1142 daAuts
     D:1: 1002 daAuts
     D:5: 945 daAuts
     D:2: 788 daAuts
     D:6: 200 daAuts
  Temple: 76 daAuts
